 Dungeon Crawl Stone Soup version 0.22-a0-268-g1cc83efe17 (webtiles) character file.

1667 flinch the Martial Artist (level 8, -7/68 HPs)
             Began as a Black Draconian Monk on Mar 9, 2018.
             Was a Priest of Wu Jian.
             Killed by divine providence
             ... invoked by an orc priest
              (16 damage)
             ... on level 6 of the Dungeon.
             The game lasted 00:09:52 (5204 turns).

flinch the Martial Artist (Black Draconian Monk)    Turns: 5204, Time: 00:09:52

Health: -7/68      AC:  6    Str: 14    XL:     8   Next: 69%
Magic:  8/9        EV: 17    Int: 15    God:    Wu Jian [***...]
Gold:   223        SH:  3    Dex: 14    Spells: 7/7 levels left

rFire    . . .     SeeInvis .     - Unarmed
rCold    . . .     Gourm    .   (no shield)
rNeg     . . .     Faith    .   (armour unavailable)
rPois    .         Spirit   .   (helmet restricted)
rElec    +         Reflect  +   (no cloak)
rCorr    .         Harm     .   (no gloves)
MR       .....                  (no boots)
Stlth    ++........             o - +3 amulet of reflection
HPRegen  0.21/turn              c - +2 ring of evasion
MPRegen  0.11/turn              n - +3 ring of intelligence

@: no status effects
A: breathe lightning, unfitting armour, stinger 1, blink, electricity
resistance, cold-blooded, AC +6
a: Breathe Lightning, Blink, Wall Jump, Serpent's Lash, Renounce Religion


You were on level 6 of the Dungeon.
You worshipped Wu Jian.
Wu Jian was most pleased with you.
You were not hungry.

You visited 2 branches of the dungeon, and saw 7 of its levels.

You collected 223 gold pieces.

Inventory:

Missiles
 g - 53 poisoned needles
 r - 6 javelins (quivered)
Armour
 j - a +0 buckler
Jewellery
 c - a +2 ring of evasion (left hand)
 n - a +3 ring of intelligence (right hand)
 o - a +3 amulet of reflection (around neck)
 s - an uncursed amulet of the acrobat {unknown}
Wands
 h - a wand of disintegration (10)
 l - a wand of flame (21)
 t - a wand of digging (5)
Scrolls
 d - a scroll of fear
 e - 5 scrolls of identify
 i - a scroll of immolation
 p - 4 scrolls of teleportation {unknown}
 q - 2 scrolls of enchant weapon {unknown}
Potions
 b - a potion of haste
 f - a potion of heal wounds
 k - 2 potions of resistance
 m - a potion of mutation
 u - a potion of flight {unknown}
Comestibles
 a - 4 rations
 v - 6 chunks of flesh


   Skills:
 - Level 5.1 Fighting
 - Level 5.2 Dodging
 - Level 1.7 Stealth
 + Level 9.6 Unarmed Combat
 + Level 1.4 Evocations


You had 7 spell levels left.
You didn't know any spells.

Dungeon Overview and Level Annotations

Branches:
Dungeon (6/15)             Temple (1/1) D:5

Altars:
Ashenzari
Dithmenos
Elyvilon
Fedhas
Gozag
Hepliaklqana
Kikubaaqudgha
Makhleb
Nemelex Xobeh
Okawaru
Ru
Sif Muna
Trog
Uskayaw
Vehumet
Wu Jian
Xom
Yredelemnul
Zin
The Shining One


Innate Abilities, Weirdness & Mutations

You can breathe wild blasts of lightning.
Your glossy black scales are hard. (AC +6)
You cannot fit into any form of body armour.
You are resistant to electric shocks. (rElec)
You are cold-blooded and may be slowed by cold attacks.
Your tail ends in a poisonous barb.
You can translocate small distances at will.


Message History

The orc priest is heavily wounded.
The orc priest mumbles some strange prayers to Beogh against you.
Pain shoots through your body!
* * * LOW HITPOINT WARNING * * *
The orc completely misses you.
The orc priest calls down the wrath of Beogh upon you.
Beogh smites you!
* * * LOW HITPOINT WARNING * * *
You repeatedly attack the orc priest from above.
You punch the orc priest!
Your tail-slap misses the orc priest.
The orc priest is severely wounded.
You punch the orc priest!
You kill the orc priest!
The Council accepts your kill.
The adder skeleton bites you but does no damage.
You have got your breath back.
You see here a short sword.
The orc priest mumbles some strange prayers to Beogh against you.
Beogh smites you!
You die...

### ###.### ## ###
##..†).###.# #.##
#####....)#@..## ##..####
#....[.ooZ)#...####.##...#
#.......o...###..##.#####.###
...........## ###...# ##....
...........## ##.#####.....
##..........## #.###.......
#............ ##.......)..
##............. #...........
#..........#### ........<...


You could see an orc warrior, an orc priest, an orc and an adder skeleton.

Vanquished Creatures
  Grinder (D:3)
  Sigmund (D:2)
  A sky beast (D:5)
  2 phantoms
  2 ogres (D:4)
  3 scorpions
  A bullfrog zombie (D:5)
  A crimson imp (D:5)
  A hound (D:5)
  6 orc priests
  5 orc wizards
  Jessica (D:3)
  Terence (D:2)
  A worker ant (D:4)
  6 gnolls
  10 adders
  An adder skeleton (D:4)
  A worm (D:3)
  5 leopard geckos
  17 orcs
  3 giant cockroaches
  8 goblins
  7 hobgoblins
  15 jackals
  7 kobolds
  4 bats
  2 frilled lizards
  8 rats
121 creatures vanquished.

Vanquished Creatures (others)
  A giant cockroach (D:3)
1 creature vanquished.

Grand Total: 122 creatures vanquished

Notes
Turn   | Place    | Note
-------+----------+-------------------------------------------
     0 | D:1      | flinch the Draconian Monk began the quest for the Orb.
     0 | D:1      | Reached XP level 1. HP: 19/19 MP: 1/1
   196 | D:1      | Reached XP level 2. HP: 22/26 MP: 2/2
   788 | D:2      | Reached skill level 4 in Unarmed Combat
   864 | D:2      | Reached XP level 3. HP: 28/31 MP: 3/3
  1567 | D:2      | Reached XP level 4. HP: 32/38 MP: 4/4
  1633 | D:2      | Noticed Sigmund
  1637 | D:2      | Gained mutation: Your tail ends in a poisonous barb. [potion of mutation]
  1637 | D:2      | Gained mutation: You can translocate small distances at will. [potion of mutation]
  1646 | D:2      | Killed Sigmund
  1646 | D:2      | Reached skill level 6 in Unarmed Combat
  1646 | D:2      | Reached XP level 5. HP: 45/45 MP: 5/5
  1657 | D:2      | Noticed Terence
  1669 | D:2      | Killed Terence
  1791 | D:3      | Found an iron altar of Okawaru.
  1792 | D:3      | Noticed Grinder
  1799 | D:3      | Reached XP level 6. HP: 51/51 MP: 6/6
  1804 | D:3      | Paralysed by Grinder for 7 turns
  2161 | D:3      | Noticed Jessica
  2171 | D:3      | Killed Jessica
  2171 | D:3      | Reached skill level 7 in Unarmed Combat
  2782 | D:5      | Entered Level 5 of the Dungeon
  2796 | D:5      | Found a staircase to the Ecumenical Temple.
  2823 | Temple   | Entered the Ecumenical Temple
  3006 | D:5      | Your scales start taking on a glossy black colour.
  3006 | D:5      | Reached XP level 7. HP: 28/60 MP: 7/7
  3006 | D:5      | Gained mutation: You are resistant to electric shocks. (rElec) [Black Draconian growth]
  3287 | Temple   | Became a worshipper of the Wu Jian Council
  3287 | Temple   | Reached * piety under Wu Jian
  3287 | Temple   | Reached ** piety under Wu Jian
  3348 | D:5      | Found a shimmering altar of Xom.
  3359 | D:5      | Found a shimmering altar of Xom.
  3360 | D:5      | Found a shimmering altar of Xom.
  3527 | D:5      | Reached skill level 5 in Fighting
  3628 | D:5      | Reached skill level 8 in Unarmed Combat
  4222 | D:4      | Reached XP level 8. HP: 32/68 MP: 8/8
  4641 | D:4      | Reached skill level 9 in Unarmed Combat
  4835 | D:4      | Found an opulent altar of Gozag.
  4835 | D:4      | Found a shattered altar of Ashenzari.
  4840 | D:4      | Found a faded altar of an unknown god.
  4844 | D:4      | Found a faded altar of an unknown god.
  4845 | D:4      | Found an ancient bone altar of Kikubaaqudgha.
  5047 | D:3      | Killed Grinder
  5047 | D:3      | Reached skill level 5 in Dodging
  5195 | D:6      | Reached *** piety under Wu Jian
  5195 | D:6      | Reached skill level 1 in Evocations
  5204 | D:6      | Killed from afar by an orc priest

Vault maps used:
D:1:      roderic_crossed_star
D:2:      first_ration, uniq_terence, uniq_sigmund
D:3:      okawaru_metal_pillars_1_2, glass_columns_a, uniq_grinder, uniq_jessica
D:4:      chequers_temple_overflow_minitemple
D:5:      minmay_temple_entry_statues, minmay_misc_feat_square, xom_redecorated
D:6:      tso_metal_star, uniq_blork_the_orc
Temple:   lightli_temple_of_artemis

Skill      XL: |  1  2  3  4  5  6  7  8 |
---------------+-------------------------+-----
Unarmed Combat | 4 6 7 8 9 |  9.6
Fighting       | 4 5 |  5.1
Dodging        | 3 5 |  5.2
Evocations     | 1 |  1.4
Stealth        | |  1.7

Action                   |  1- 3 |  4- 6 |  7- 9 || total
-------------------------+-------+-------+-------++-------
Melee: Unarmed           |   144 |   124 |   189 ||   457
       Tailslap          |    12 |     9 |    28 ||    49
       Punch             |       |     2 |     6 ||     8
Invok: Lunge             |       |       |     9 ||     9
       Wall Jump         |       |       |     3 ||     3
       Whirlwind         |       |       |     9 ||     9
 Abil: Breathe Lightning |       |       |     7 ||     7
  Use: Potion            |       |     5 |       ||     5
       Scroll            |       |     4 |       ||     4
 Stab: Sleeping          |     2 |     3 |       ||     5
  Eat: Chunk             |     1 |     6 |     5 ||    12
       Ration            |       |       |     1 ||     1
Armor: Skin              |    40 |    16 |    32 ||    88
Dodge: Dodged            |   119 |    69 |   111 ||   299
Block: Other             |       |     1 |    19 ||    20

Table legend:
 A = Spawn XP
 B = Non-spawn XP
 C = Spawn XP percentage of total XP
 D = Spawn monster count
 E = Non-spawn monster count
 F = Spawn count percentage of total count
 G = Total turns spent on level
                    A         B        C        D         E        F      G
               +---------+---------+-------+---------+---------+-------+---------
         Total |       0 |    2382 |   0.0 |       0 |     121 |   0.0 |  5204
               +---------+---------+-------+---------+---------+-------+---------
           D:1 |       0 |      25 |   0.0 |       0 |      14 |   0.0 |   570
           D:2 |       0 |     352 |   0.0 |       0 |      29 |   0.0 |  1306
           D:3 |       0 |     360 |   0.0 |       0 |      20 |   0.0 |   846
           D:4 |       0 |     685 |   0.0 |       0 |      25 |   0.0 |   699
           D:5 |       0 |     786 |   0.0 |       0 |      23 |   0.0 |  1618
           D:6 |       0 |     174 |   0.0 |       0 |      10 |   0.0 |   110
               +---------+---------+-------+---------+---------+-------+---------
